AoeStats
← KND

Arena

509384907Analyzed
3v3 RM · 4d ago on Sep 26, 2026· 55m 10s· 6 players
Game mode
Random Map
Map size
Normal (6 player)
Population
200
Speed
Normal
Resources
Standard
Victory
Conquest
Starting age
Dark Age
Ending age
Imperial Age
RankedLock teamsTeams togetherTeam positionsShared explorationLock speedFull tech treeHidden civsTurbo modeCheats
Victory
Defeat
🇧🇷 Bohemians · Brazil
1494
+13
🇮🇹 Danes · Italy
1440
+15
🇺🇸 Celts · United States
1414
+16
🇨🇳 Spanish · China
1520
-18
🇧🇷 Cumans · Brazil
1464
-17
🇨🇳 Maya · China
1285
-9
吞风吻雨
0:27 Loom
10:04 Feudal Age
15:20 Castle Age
13:28 Double-Bit Axe
13:46 Horse Collar
16:39 Scale Mail Armor
17:11 Bow Saw
17:35 Chain Mail Armor
18:23 Wheelbarrow
19:25 Squires
21:13 Eagle Warrior
25:32 Forging
26:25 Hand Cart
27:41 Iron Casting
34:20 Imperial Age
33:01 Gold Mining
34:23 Elite Eagle Warrior
36:16 Plate Mail Armor
37:07 Blast Furnace
36:55 Holcans
38:17 Holcans
39:22 Conscription
38:24 Elite Plumed Archer
38:55 Fletching
39:05 Padded Archer Armor
40:32 Chemistry
39:53 Ballistics
39:51 Elite Skirmisher
40:38 Thumb Ring
40:30 Bodkin Arrow
40:51 Leather Archer Armor
41:10 Hul'che Javelineers
41:52 Bracer
44:12 Crossbowman
45:11 Arbalester
46:23 Ring Archer Armor
46:40 Coinage
46:07 Pikeman
46:33 Arson
49:14 Masonry
51:04 Fortified Wall
GAX | toooasty
6:15 Loom
8:26 Feudal Age
13:38 Town Watch
21:32 Double-Bit Axe
23:46 Wheelbarrow
26:47 Castle Age
26:10 Gold Mining
26:02 Horse Collar
32:57 Capped Ram
33:15 Capped Ram
36:10 Fletching
36:21 Padded Archer Armor
37:20 Bloodlines
38:01 Bow Saw
38:21 Leather Archer Armor
38:02 Bodkin Arrow
41:26 Steppe Husbandry
43:17 Ballistics
44:39 Thumb Ring
45:52 Scale Barding Armor
48:39 Imperial Age
46:40 Forging
48:16 Chain Barding Armor
48:31 Iron Casting
48:51 Cavalier
51:54 Light Cavalry
53:15 Conscription
她说我闷骚
10:39 Feudal Age
14:44 Castle Age
13:03 Double-Bit Axe
13:37 Horse Collar
14:36 Loom
16:07 Bow Saw
22:28 Padded Archer Armor
25:05 Leather Archer Armor
26:01 Husbandry
26:12 Bloodlines
29:13 Wheelbarrow
28:23 Town Watch
34:09 Imperial Age
31:50 Town Watch
34:03 Heavy Plow
33:54 Gold Mining
33:55 Stone Mining
34:36 Hand Cart
35:13 Conscription
35:52 Ring Archer Armor
36:51 Inquisition
37:19 Supremacy
37:58 Supremacy
44:08 Town Patrol
44:48 Guard Tower
48:04 Chemistry
48:13 Scale Barding Armor
48:18 Forging
47:29 Cavalier
49:12 Paladin
52:22 Chain Barding Armor
MGmoney28
10:38 Feudal Age
14:54 Castle Age
12:51 Double-Bit Axe
13:23 Horse Collar
24:04 Bow Saw
24:20 Ballistics
30:05 Imperial Age
27:22 Loom
29:20 Scale Mail Armor
30:15 Chain Mail Armor
31:15 Conscription
31:27 Plate Mail Armor
30:20 Capped Ram
31:29 Forging
32:00 Siege Ram
33:28 Heavy Plow
34:17 Iron Casting
38:45 Elite Woad Raider
41:29 Masonry
45:55 Man-at-Arms
46:21 Gambesons
46:38 Long Swordsman
48:28 Blast Furnace
48:28 Wheelbarrow
47:39 Town Watch
49:37 Two-Handed Swordsman
50:09 Fletching
50:19 Champion
53:30 Pikeman
53:39 Heavy Scorpion
54:36 Halberdier
piantaz
7:30 Loom
9:48 Feudal Age
8:17 Loom
10:02 Feudal Age
12:59 Double-Bit Axe
16:31 Fletching
22:27 Castle Age
20:36 Horse Collar
22:11 Padded Archer Armor
22:34 Crossbowman
23:10 Bodkin Arrow
33:42 Imperial Age
32:03 Forging
35:00 Bracer
36:41 Conscription
37:40 Scale Mail Armor
38:22 Man-at-Arms
38:48 Gambesons
39:20 Chain Mail Armor
39:34 Heavy Plow
39:12 Long Swordsman
40:30 Plate Mail Armor
40:17 Two-Handed Swordsman
41:54 Iron Casting
42:15 Champion
43:25 Champion
44:55 Onager
47:16 Siege Onager
49:39 Siege Engineers
52:14 Pikeman
53:56 Blast Furnace
52:46 Halberdier
KND
10:55 Feudal Age
14:30 Castle Age
12:27 Double-Bit Axe
13:15 Loom
13:38 Horse Collar
15:44 Bow Saw
18:22 Wheelbarrow
20:08 Heavy Plow
22:43 Fervor
23:39 Sanctity
23:46 Redemption
24:13 Hand Cart
25:40 Atonement
28:36 Fletching
39:03 Imperial Age
37:11 Town Watch
39:08 Chemistry
38:12 Padded Archer Armor
38:20 Town Patrol
39:53 Leather Archer Armor
40:00 Ballistics
39:28 Houfnice
44:56 Block Printing
49:20 Ring Archer Armor
48:57 Siege Engineers
51:24 Masonry
51:10 Murder Holes
51:41 Wagenburg Tactics
51:57 Conscription
54:39 Devotion
55:15 Theocracy
55:00 Heresy
54:54 Hussite Reforms
55:22 Fortified Wall
55:43 Architecture
55:25 Devotion
55:50 Illumination
55:21 Herbal Medicine
56:01 Theocracy
55:46 Heresy
Connection lost

Rejoining the realm…

Still unreachable

The connection could not be restored.

Session expired

The server has moved on; the page needs a fresh start.